 Dungeon Crawl Stone Soup version 0.30-a0-840-ga523dec638 (webtiles) character file.

Game seed: 12861651577254992322

7844 freelancePsychic the Geomancer (level 11, -3/107 HPs)
             Began as a Troll Wanderer on Mar 1, 2023.
             Was an Initiate of Gozag.
             Slain by an eight-headed hydra (7 damage)
             ... on level 9 of the Dungeon.
             The game lasted 00:18:24 (8410 turns).

freelancePsychic the Geomancer (Troll Wanderer)     Turns: 8410, Time: 00:18:24

Health: -3/107     AC:  7    Str: 21    XL:     11   Next: 2%
Magic:  11/11      EV:  9    Int: 13    God:    Gozag
Gold:   830        SH:  5    Dex:  9    Spells: 2/12 levels left

rFire   . . .      SeeInvis .      - Unarmed
rCold   . . .      Faith    .    (no shield)
rNeg    . . .      Spirit   .    h - +0 troll leather armour {Pargi}
rPois   .          Reflect  +    (helmet restricted)
rElec   .          Harm     .    u - +0 cloak
rCorr   .          Rampage  .    (gloves unavailable)
Will    .....                    (boots unavailable)
Stlth   +                        v - amulet of reflection
HPRegen 1.97/turn                p - ring of wizardry
MPRegen 0.12/turn                (no ring)

@: slowed, invisible, very slow
A: large, unfitting armour, claws 3, regeneration 1, shaggy fur 1, tough skin 1
a: Renounce Religion, Potion Petition, Call Merchant, Bribe Branch


You were on level 9 of the Dungeon.
You worshipped Gozag.
Gozag was pleased with you.
You visited 2 branches of the dungeon, and saw 10 of its levels.
You also visited: Sewer.

You collected 1478 gold pieces.
You spent 154 gold pieces at shops.
You paid 494 gold pieces to Gozag.

Inventory:

Missiles
 b - 22 poisoned darts (quivered)
 A - 5 curare-tipped darts
Armour
 e - a +0 robe
 h - a +0 troll leather armour (worn) {Pargi}
 u - a +0 cloak (worn)
Jewellery
 c - an amulet of faith
 p - a ring of wizardry (left claw)
 v - an amulet of reflection (around neck)
 B - a ring of magical power
 C - a ring of fire
Wands
 f - a wand of flame (30)
 s - a wand of digging (1)
 x - a wand of roots (4)
 D - a wand of polymorph (7)
Scrolls
 a - a scroll of silence
 k - 3 scrolls of amnesia
 o - 2 scrolls of immolation
 t - a scroll of teleportation {@r4}
 y - a scroll of vulnerability {unknown}
 F - 2 scrolls of fear
Potions
 d - 6 potions of curing {@q1}
 g - 2 potions of magic
 i - a potion of flight
 j - a potion of attraction
 m - 4 potions of heal wounds {@q2}
 n - a potion of cancellation
 q - a potion of mutation
 r - a potion of might
 z - a potion of ambrosia
 G - a potion of haste {@q3}


   Skills:
 + Level 6.8 Fighting
 - Level 1.0 Polearms
 - Level 1.7 Throwing
 - Level 2.0 Stealth
 + Level 6.8 Unarmed Combat
 + Level 1.1 Spellcasting
 * Level 7.7 Transmutations
 - Level 8.1 Earth Magic
 - Level 2.3 Invocations


You had 2 spell levels left.
You knew the following spells:

 Your Spells              Type           Power      Damage    Failure   Level
a - Sandblast             Erth           42%        2d11      1%          1
b - Petrify               Tmut/Erth      21%        N/A       4%          4
c - Blade Hands           Tmut           10%        N/A       16%         5

Your spell library contained the following spells:

 Spells                   Type           Power      Damage    Failure   Level
 Beastly Appendage        Tmut           40%        N/A       1%          1
 Wereblood                Tmut           20%        N/A       1%          2
 Foxfire                  Conj/Fire      0%         2x1d4     13%         1
 Blink                    Tloc           0%         N/A       19%         2
 Cigotuvi's Dreadful Rot  Necr/Pois/Air  0%         N/A       19%         2
 Lesser Beckoning         Tloc           0%         N/A       19%         2
 Momentum Strike          Conj/Tloc      0%         3d8       19%         2
 Spider Form              Tmut/Pois      10%        N/A       8%          3
 Lee's Rapid Deconstruct  Erth           10%        3d8*      12%         5
 Animate Armour           Summ/Erth      22%        N/A       24%         4
 Kindle Blastsparks       Fire/Tloc/Air  0%         2d10      34%         3
 Dispel Undead            Necr           0%         3d6       75%         4
 Fulminant Prism          Conj/Hex       0%         3d5       75%         4
 Iskenderun's Mystic Bla  Conj/Tloc      0%         2d3       75%         4
 Fireball                 Conj/Fire      0%         3d3       96%         5
 Iron Shot                Conj/Erth      5%         9d2       97%         6
 Death Channel            Necr           0%         N/A       100%        6
 Starburst                Conj/Fire      0%         6d3       100%        6


Dungeon Overview and Level Annotations

Branches:
Dungeon (9/15)             Temple (1/1) D:4            Lair (0/5) D:8
    Orc (0/2) D:9           Sewer (visited)

Altars:
Ashenzari
Cheibriados
Elyvilon
Fedhas
Gozag
Hepliaklqana
Kikubaaqudgha
Makhleb
Nemelex Xobeh
Okawaru
Qazlal
Ru
Sif Muna
Trog
Uskayaw
Vehumet
Wu Jian
Xom
Zin
The Shining One

Shops:
D:1 ?   D:5 =[   D:7 ?   D:8 [

Annotations:
D:6 3 runed translucent doors, relicbr's ghost, novice SpDe


Innate Abilities, Weirdness & Mutations

You are too large for most types of armour.
You have claws for hands.
Your natural rate of healing is unusually fast.
You are covered in fur. (AC +1)
You have tough skin. (AC +1)


Message History

The hornet stings you!
You feel as though you will be slow longer.
The hornet stings you but does no damage.
You fade into invisibility!
The hornet stings you!
You feel as though you will be slow longer.
The eight-headed hydra bites you.
You block the eight-headed hydra's attack.
The eight-headed hydra bites you.
You block the eight-headed hydra's attack.
The eight-headed hydra closely misses you.
The eight-headed hydra bites you!
The eight-headed hydra barely misses you.
The eight-headed hydra bites you but does no damage.
The hornet barely misses you.
Aiming: Bolt of Light
Press: ? - help, Shift-Dir - straight line, f - eight-headed hydra
Aim: an eight-headed hydra (lightly wounded, unable to see you, 90% to hit)
The bolt of light hits the eight-headed hydra!
The eight-headed hydra is moderately wounded.
The eight-headed hydra is blinded.
The now-empty wand crumbles to dust.
The eight-headed hydra barely misses you. x2
You block the eight-headed hydra's attack.
The eight-headed hydra bites you.
The eight-headed hydra bites you but does no damage.
You block the eight-headed hydra's attack.
The eight-headed hydra bites you! The eight-headed hydra bites you.
* * * LOW HITPOINT WARNING * * *
The eight-headed hydra closely misses you.
The eight-headed hydra bites you.
* * * LOW HITPOINT WARNING * * *
The eight-headed hydra barely misses you.
You block the eight-headed hydra's attack.
The eight-headed hydra bites you!
* * * LOW HITPOINT WARNING * * *
The eight-headed hydra bites you!
* * * LOW HITPOINT WARNING * * *
The eight-headed hydra bites you!
You die...
Your body crumbles into a pile of gold.

#.....(#
#.....(#
#......# ......
#... #..##
#...## #.D.)#
#.y@## #....###
#......#
#......########
#.......#8#...#
#.........'.>.#
#.......#8#...#
#.......#######
#######....)#.#


You could see an eight-headed hydra (blind) and a hornet (unable to see you).

Vanquished Creatures
  A catoblepas (D:8)
  A cyclops (D:6)
  A kobold demonologist (D:9)
  A freezing wraith (D:8)
  Prince Ribbit (D:8)
  A wraith (D:6)
  7 yaks
  A steam dragon (D:8)
  Edmund (D:4)
  Menkaure (D:4)
  An acid dragon (D:8)
  5 water moccasins
  Pargi (Sewer)
  2 orc warriors
  A black bear (D:6)
  2 sky beasts
  An ice beast (D:6)
  3 ogres
  4 centaurs
  Blork the orc (D:5)
  3 kobold brigands
  10 bullfrogs
  A necrophage (D:6)
  4 scorpions
  13 wights
  A killer bee (D:8)
  A howler monkey (D:5)
  5 hounds
  2 jellies
  Crazy Yiuf (D:3)
  3 orc priests
  A gnoll bouda (D:5)
  Ijyb (D:3)
  Natasha (D:2)
  2 iguanas
  3 orc wizards
  Robin (D:3)
  7 gnolls
  5 adders
  5 white imps
  2 ufetubi (D:6)
  2 worms (D:3)
  4 dart slugs
  39 orcs
  10 ball pythons
  8 bats
  6 endoplasms
  3 giant cockroaches
  10 goblins
  7 hobgoblins
  6 jackals
  2 quokkas
  3 frilled lizards
  15 kobolds
  8 rats
232 creatures vanquished.

Vanquished Creatures (others)
  A kobold (D:8)
  25 fungi
  35 plants
61 creatures vanquished.

Grand Total: 293 creatures vanquished

Notes
Turn   | Place    | Note
-------+----------+-------------------------------------------
     0 | D:1      | freelancePsychic the Troll Wanderer began the quest for the
                  | Orb.
     0 | D:1      | freelancePsychic set off with the following items: a +0
                  | spear, 9 poisoned darts, a +0 dagger, a potion of curing
                  | {@q1}, a +0 robe; and the following spell memorised:
                  | Sandblast; and the following spells available to memorise:
                  | Animate Armour, Petrify.
     0 | D:1      | Reached XP level 1. HP: 19/19 MP: 1/1
    94 | D:1      | Found Axkerela's Magic Scroll Shoppe.
   190 | D:1      | Reached skill level 1 in Unarmed Combat
   190 | D:1      | Reached XP level 2. HP: 27/27 MP: 2/2
   785 | D:2      | Reached XP level 3. HP: 33/33 MP: 3/3
   980 | D:2      | Noticed Natasha
   986 | D:2      | Killed Natasha
  1331 | D:3      | Reached skill level 1 in Transmutations
  1356 | D:3      | Reached skill level 5 in Earth Magic
  1356 | D:3      | Reached XP level 4. HP: 37/41 MP: 4/4
  1368 | D:3      | Found a white marble altar of Elyvilon.
  1370 | D:3      | Found an iron altar of Okawaru.
  1412 | D:3      | Became a worshipper of Elyvilon the Healer
  1431 | D:3      | Found a glowing drain.
  1438 | Sewer    | Entered a sewer
  1474 | Sewer    | Noticed Pargi
  1484 | Sewer    | Killed Pargi
  1485 | Sewer    | Reached XP level 5. HP: 19/49 MP: 2/5
  1866 | D:3      | Reached XP level 6. HP: 46/57 MP: 2/6
  2138 | D:3      | Noticed Ijyb
  2149 | D:3      | Killed Ijyb
  2205 | D:1      | Bought a scroll of identify for 24 gold pieces
  2205 | D:1      | Bought 3 scrolls of identify for 72 gold pieces
  2205 | D:1      | Bought a scroll of teleportation for 36 gold pieces
  2478 | D:3      | Noticed Robin
  2507 | D:3      | Killed Robin
  2617 | D:3      | Reached skill level 6 in Earth Magic
  2700 | D:3      | Reached * piety under Elyvilon
  2712 | D:3      | Found a runed translucent door.
  2713 | D:3      | Noticed Crazy Yiuf
  2719 | D:3      | Killed Crazy Yiuf
  2783 | D:4      | Reached XP level 7. HP: 45/66 MP: 7/7
  3019 | D:4      | Found a staircase to the Ecumenical Temple.
  3041 | Temple   | Entered the Ecumenical Temple
  3163 | Temple   | Learned a level 4 spell: Petrify
  3213 | D:4      | Noticed Edmund
  3248 | D:4      | Killed Edmund
  3277 | D:4      | Found an opulent altar of Gozag.
  3377 | D:4      | Fell from the grace of Elyvilon
  3377 | D:4      | Became a worshipper of Gozag Ym Sagoz the Greedy
  3620 | D:5      | Entered Level 5 of the Dungeon
  3620 | D:5      | Noticed Menkaure
  3624 | D:5      | Noticed Blork the orc
  3629 | D:4      | Killed Menkaure
  3630 | D:4      | Reached XP level 8. HP: 76/76 MP: 6/8
  3656 | D:5      | Killed Blork the orc
  3657 | D:5      | Reached skill level 7 in Earth Magic
  3748 | D:5      | Found Devvauvy's Antique Armour Emporium.
  3935 | D:5      | Found an ancient bone altar of Kikubaaqudgha.
  4052 | D:5      | Found a snail-covered altar of Cheibriados.
  4079 | D:5      | Found Ubitom's Jewellery Shop.
  4389 | D:6      | Found a runed translucent gate.
  4389 | D:6      | Found a runed translucent gate.
  4389 | D:6      | Found a runed translucent gate.
  4392 | D:6      | Noticed relicbr's ghost (novice SpDe)
  4719 | D:6      | Reached skill level 1 in Stealth
  4967 | D:6      | Noticed a cyclops
  4998 | D:6      | Killed a cyclops
  4999 | D:6      | Reached XP level 9. HP: 45/85 MP: 1/9
  5266 | D:6      | Reached skill level 5 in Fighting
  5266 | D:6      | Reached skill level 5 in Transmutations
  5461 | D:5      | Reached skill level 8 in Earth Magic
  5788 | D:7      | Reached skill level 1 in Invocations
  5812 | D:7      | Learned a level 5 spell: Blade Hands
  5929 | D:7      | Found a sacrificial altar of Ru.
  6053 | D:7      | Reached skill level 5 in Unarmed Combat
  6277 | D:7      | Found a bloodstained altar of Trog.
  6308 | D:7      | Reached XP level 10. HP: 72/97 MP: 4/10
  6823 | D:7      | Bought a scroll of identify for 22 gold pieces
  7094 | D:8      | Noticed Prince Ribbit
  7163 | D:8      | Killed Prince Ribbit
  7444 | D:8      | Found a staircase to the Lair.
  7522 | D:8      | Noticed a catoblepas
  7538 | D:8      | Killed a catoblepas
  8057 | D:8      | Found Isukliwa's Antique Armour Shoppe.
  8181 | D:9      | Noticed a cyclops
  8184 | D:9      | Noticed a tengu warrior
  8184 | D:9      | Noticed a cyan ugly thing
  8184 | D:9      | Noticed an eight-headed hydra
  8189 | D:9      | Noticed a centaur warrior
  8256 | D:9      | Noticed a smoke demon
  8257 | D:9      | Reached XP level 11. HP: 73/107 MP: 11/11
  8379 | D:9      | Found a staircase to the Orcish Mines.
  8402 | D:9      | Paralysed by a hornet for 3 turns
  8410 | D:9      | HP: 4/107 [eight-headed hydra (13)]
  8410 | D:9      | Slain by an eight-headed hydra

Illustrated notes

Levels and vault maps discovered:
D:1:      enne_arrival_octagon_isle, layout_rooms, serial_shops,
          nicolae_shop_stone, grunt_decor_resistance, due_unseen_surprise
D:2:      layout_basic, grunt_ministairs_15, kennysheep_nondescript,
          uniq_natasha
D:3:      layout_loops_corners, grunt_temple_overflow_open,
          cheibrodos_sewer_entry_sluice, uniq_robin, uniq_crazy_yiuf_cottage,
          uniq_ijyb
D:4:      layout_rooms, nicolae_gozag_seed_capital, minmay_temple_entry_mist,
          minmay_curled_crystal, uniq_edmund
D:5:      layout_loops_cross, mainiacjoe_overflow_tiny_flanked,
          mainiacjoe_overflow_brackets, serial_shops, shop_coins,
          minmay_shop_enchanted_jewellery, minmay_strange_pillars, hex_tiny,
          uniq_menkaure, uniq_blork_the_orc
D:6:      layout_rooms, gammafunk_ghost_nasty_kobolds, minmay_divided_ellipse
D:7:      layout_basic, mainiacjoe_overflow_catwalk, nicolae_ru_awakened_eye
D:8:      layout_basic, due_lair_maze_entry_diamond, serial_shops,
          nicolae_diamond_shop, chequers_mini_garden, grunt_ministairs_3,
          minmay_three_doors, uniq_prince_ribbit1
D:9:      layout_irregular_city, hiddenorc1_lemuel, minivault_28
Temple:   dshaligram_water_room_temple

Skill      XL: |  1  2  3  4  5  6  7  8  9 10 |
---------------+-------------------------------+-----
Unarmed Combat | 1 2 3 4 5 6 |  6.8
Transmutations | 1 2 3 4 5 7 |  7.7
Earth Magic    | 5 6 7 8 |  8.1
Fighting       | 2 3 4 5 6 |  6.8
Stealth        | 1 2 |  2.0
Invocations    | 2 |  2.3
Polearms       | |  1.0
Throwing       | |  1.7
Spellcasting   | |  1.1

Action                     |  1- 3 |  4- 6 |  7- 9 | 10-12 || total
---------------------------+-------+-------+-------+-------++-------
  Melee: Unarmed           |    73 |   131 |   332 |   204 ||   740
         Punch             |       |     1 |     7 |     5 ||    13
  Throw: Dart              |       |       |       |     6 ||     6
   Cast: Sandblast         |    12 |    34 |    29 |       ||    75
         Petrify           |       |       |    12 |     2 ||    14
         Blade Hands       |       |       |       |    16 ||    16
 Invoke: Call Merchant     |       |       |       |     1 ||     1
  Evoke: Wand              |       |       |     2 |     6 ||     8
    Use: Scroll            |     4 |     3 |    10 |     4 ||    21
         Potion            |       |     1 |     3 |     2 ||     6
   Stab: Sleeping          |     1 |       |     1 |     1 ||     3
         Petrified         |       |       |    23 |       ||    23
         Distracted        |       |       |       |     1 ||     1
 Armour: Robe              |    18 |    36 |       |       ||    54
         Troll leather arm |       |    39 |    99 |    60 ||   198
  Dodge: Dodged            |    30 |    79 |   169 |   104 ||   382
  Block: Other             |       |       |    72 |    55 ||   127
         Reflection        |       |       |       |     1 ||     1

Table legend: (Time is in decaauts)
 A = Elapsed time spent in this place.
 B = Non-inter-level travel time spent in this place.
 C = Inter-level travel time spent in this place.
 D = Time resting spent in this place.
 E = Time spent auto-exploring this place.
 F = Levels seen in this place.
 G = Mean time per level.
                   A        B        C        D        E       F      G
               +--------+--------+--------+--------+--------+-----+--------+
         Total |   8429 |   7967 |    462 |    141 |   5952 |  11 |  766.3 |
       Dungeon |   8178 |   7725 |    453 |    141 |   5831 |   9 |  908.7 |
        Temple |    139 |    131 |      8 |      0 |     60 |   1 |  139.0 |
         Sewer |    111 |    111 |      0 |      0 |     61 |   1 |  111.0 |
               +--------+--------+--------+--------+--------+-----+--------+

Top non-repeatable levels by time:
     D:7: 1385 daAuts
     D:6: 1274 daAuts
     D:3: 1264 daAuts
     D:8: 1187 daAuts
     D:2: 900 daAuts
     D:5: 742 daAuts
     D:4: 726 daAuts
     D:1: 512 daAuts
     D:9: 184 daAuts
  Temple: 139 daAuts
   Sewer: 111 daAuts
